AoeStats
← NoMad311

Black Forest

505952365Analyzed
3v3 RM · 21d ago on Sep 11, 2026· 130m 19s· 6 players
Game mode
Random Map
Map size
Normal (6 player)
Population
200
Speed
Normal
Resources
Standard
Victory
Conquest
Starting age
Dark Age
Ending age
Imperial Age
RankedLock teamsTeams togetherTeam positionsShared explorationLock speedFull tech treeHidden civsTurbo modeCheats
Victory
Defeat
🇨🇿 Georgians · Czechia
571
+14
🇨🇿 Teutons · Czechia
570
+14
🇺🇸 Italians · United States
544
+15
🇦🇷 Magyars · Argentina
542
-15
🇦🇷 Persians · Argentina
526
-14
🇶🇦 Malians · Qatar
509
-14
space_milk
0:32 Loom
13:20 Feudal Age
13:47 Double-Bit Axe
15:25 Horse Collar
16:01 Man-at-Arms
19:57 Gold Mining
23:39 Castle Age
23:55 Forging
23:46 Padded Archer Armor
23:36 Fletching
23:48 Scale Mail Armor
24:55 Bow Saw
24:50 Heavy Plow
24:56 Stone Mining
25:10 Crossbowman
27:38 Caravan
30:22 Wheelbarrow
29:26 Pikeman
31:33 Squires
30:53 Long Swordsman
31:19 Arson
30:58 Elite Skirmisher
32:39 Hand Cart
33:42 Leather Archer Armor
35:13 Silk Road
36:48 Thumb Ring
37:00 Chain Mail Armor
37:21 Iron Casting
38:51 Stone Shaft Mining
39:16 Ballistics
39:07 Masonry
38:38 Treadmill Crane
39:10 Fortified Wall
39:40 Scale Barding Armor
39:30 Bodkin Arrow
42:28 Imperial Age
41:17 Guard Tower
43:08 Capped Ram
45:25 Conscription
44:29 Elite Genoese Crossbowman
44:35 Arbalester
47:39 Chemistry
46:25 Arrowslits
47:12 Architecture
46:10 Two-Handed Swordsman
47:43 Ring Archer Armor
47:14 Bracer
48:14 Blast Furnace
47:45 Plate Mail Armor
47:35 Chain Barding Armor
49:58 Two-Man Saw
52:30 Hoardings
52:08 Pirotechnia
54:57 Keep
54:18 Murder Holes
56:04 Champion
59:28 Cavalier
60:09 Husbandry
60:20 Bloodlines
59:31 Light Cavalry
65:28 Hussar
82:18 Chain Barding Armor
86:25 Town Watch
89:37 Herbal Medicine
108:49 Town Patrol
129:31 Onager
Eurojedna
10:18 Feudal Age
8:34 Loom
11:38 Wheelbarrow
11:35 Horse Collar
14:42 Double-Bit Axe
19:54 Scale Barding Armor
23:24 Castle Age
23:13 Bloodlines
24:32 Hand Cart
28:02 Husbandry
29:30 Chain Barding Armor
31:39 Town Watch
33:23 Heavy Plow
34:00 Guard Tower
33:57 Treadmill Crane
34:30 Town Patrol
39:30 Svan Towers
42:13 Imperial Age
41:22 Caravan
41:51 Pikeman
42:51 Arrowslits
44:21 Chemistry
43:39 Aznauri Cavalry
43:03 Cavalier
43:22 Capped Ram
44:51 Elite Monaspa
45:27 Halberdier
47:28 Conscription
48:28 Plate Barding Armor
62:49 Masonry
73:41 Crop Rotation
72:55 Onager
80:54 Siege Onager
NoMad311
15:32 Feudal Age
16:44 Double-Bit Axe
16:47 Horse Collar
20:59 Wheelbarrow
26:09 Castle Age
23:56 Town Watch
28:08 Hand Cart
27:41 Pikeman
27:44 Man-at-Arms
28:40 Bow Saw
28:33 Heavy Plow
28:40 Crossbowman
28:40 Elite Skirmisher
29:56 Gold Mining
30:22 Stone Mining
31:32 Forging
31:22 Padded Archer Armor
31:24 Scale Mail Armor
31:30 Scale Barding Armor
31:15 Fletching
32:22 Squires
36:05 Stone Shaft Mining
36:05 Caravan
38:44 Imperial Age
37:00 Loom
37:01 Town Watch
40:12 Fortified Wall
40:23 Ballistics
39:54 Guard Tower
39:55 Heated Shot
39:59 Gambesons
39:35 Long Swordsman
40:01 Arson
41:31 Crop Rotation
42:03 Two-Man Saw
41:41 Coinage
41:22 Guilds
44:08 Conscription
44:09 Crenellations
44:10 Ironclad
44:26 Hoardings
43:22 Sappers
43:41 Onager
44:43 Town Patrol
44:39 Halberdier
44:39 Two-Handed Swordsman
47:35 Chemistry
47:11 Keep
46:21 Arrowslits
46:50 Masonry
47:22 Champion
49:48 Bloodlines
48:59 Cavalier
50:54 Paladin
52:00 Bombard Tower
53:24 Banking
61:46 Leather Archer Armor
61:26 Bodkin Arrow
62:06 Iron Casting
61:47 Chain Mail Armor
61:52 Chain Barding Armor
65:15 Elite Teutonic Knight
65:34 Siege Onager
83:52 Clinker Construction
83:53 Careening
83:48 Siege Engineers
83:48 Siphons
84:27 Plate Barding Armor
84:53 Blast Furnace
84:24 Ring Archer Armor
84:25 Plate Mail Armor
Guichu91
3:48 Loom
14:34 Feudal Age
15:46 Wheelbarrow
15:25 Double-Bit Axe
15:53 Horse Collar
16:44 Gold Mining
20:57 Man-at-Arms
25:38 Castle Age
26:44 Hand Cart
27:06 Heavy Plow
27:18 Bow Saw
27:49 Gold Shaft Mining
28:34 Thumb Ring
28:36 Stone Mining
28:50 Caravan
31:44 Stone Shaft Mining
30:48 Crossbowman
38:24 Imperial Age
36:11 Kamandaran
36:32 Padded Archer Armor
36:23 Fletching
38:59 Leather Archer Armor
39:08 Conscription
41:53 Two-Man Saw
41:26 Crop Rotation
42:34 Hoardings
42:09 Husbandry
41:29 Cavalier
42:51 Ring Archer Armor
42:17 Bodkin Arrow
42:41 Scale Barding Armor
43:48 Citadels
44:53 Elite War Elephant
47:27 Savar
50:10 Chain Barding Armor
50:01 Forging
49:51 Scale Mail Armor
52:15 Masonry
52:01 Murder Holes
52:27 Ballistics
53:08 Chemistry
53:24 Chain Mail Armor
55:54 Plate Barding Armor
55:50 Plate Mail Armor
55:56 Iron Casting
64:05 Onager
66:15 Guilds
73:08 Bloodlines
75:58 Architecture
75:19 Heated Shot
76:44 Blast Furnace
113:23 Pikeman
114:04 Squires
113:49 Arson
122:10 Sappers
TheDon
0:30 Loom
16:45 Feudal Age
18:53 Wheelbarrow
18:01 Horse Collar
18:09 Double-Bit Axe
21:58 Castle Age
20:09 Stone Mining
20:10 Gold Mining
24:18 Hand Cart
25:56 Heavy Plow
26:17 Bow Saw
32:24 Stone Shaft Mining
32:25 Gold Shaft Mining
35:59 Man-at-Arms
35:59 Pikeman
36:40 Squires
36:26 Arson
36:58 Fortified Wall
36:29 Treadmill Crane
37:00 Masonry
37:11 Ballistics
36:48 Murder Holes
37:25 Fletching
37:35 Padded Archer Armor
37:36 Scale Mail Armor
37:46 Forging
42:45 Imperial Age
42:14 Husbandry
42:25 Bloodlines
41:39 Long Swordsman
43:16 Caravan
43:30 Scale Barding Armor
43:40 Chain Mail Armor
44:01 Iron Casting
43:22 Bodkin Arrow
43:43 Leather Archer Armor
43:43 Two-Handed Swordsman
45:49 Chemistry
45:20 Architecture
46:01 Town Watch
46:36 Heavy Camel Rider
46:37 Cavalier
46:38 Light Cavalry
47:53 Plate Mail Armor
47:44 Chain Barding Armor
47:20 Heated Shot
48:58 Conscription
48:49 Farimba
48:50 Tigui
49:26 Hoardings
48:22 Sappers
49:04 Elite Gbeto
51:46 Onager
55:09 Siege Onager
57:23 Guilds
60:16 Crop Rotation
61:27 Plate Barding Armor
72:41 Ring Archer Armor
72:56 Town Patrol
127:22 Guard Tower
GoldenGacela
5:27 Loom
14:13 Feudal Age
15:37 Double-Bit Axe
15:50 Horse Collar
17:09 Wheelbarrow
17:54 Gold Mining
17:55 Stone Mining
17:59 Man-at-Arms
30:17 Castle Age
28:22 Scale Mail Armor
30:46 Elite Skirmisher
32:06 Gold Shaft Mining
31:37 Heavy Plow
31:51 Bow Saw
31:34 Town Watch
33:48 Hand Cart
37:21 Masonry
40:56 Imperial Age
38:39 Scale Barding Armor
38:52 Corvinian Army
39:17 Caravan
41:22 Chain Mail Armor
41:05 Long Swordsman
41:46 Heavy Scorpion
42:39 Elite Magyar Huszar
44:53 Cavalier
47:57 Paladin
48:45 Two-Handed Swordsman
48:59 Capped Ram
51:26 Husbandry
50:46 Light Cavalry
51:37 Bloodlines
51:36 Pikeman
52:56 Halberdier
56:12 Champion
59:19 Fletching
59:30 Padded Archer Armor
63:33 Chemistry
83:54 Onager
86:14 Two-Man Saw
85:39 Chain Barding Armor
87:28 Ballistics
115:40 Guard Tower
Connection lost

Rejoining the realm…

Still unreachable

The connection could not be restored.

Session expired

The server has moved on; the page needs a fresh start.